General information
- name: BNet
- type: Ladder 1vs1/FFA
- host: Battle.net
- saver: bygoditsanegro
map: RoadToStratholme
- players: 2
- length: 42:35
- speed: Fast
- version: 1.23 W3XP
- replay type: Public
» download(134 KB)
Players
team 1 (winner)
bygoditsanegro (
red | 58 APM | 2487 actions | 42:35)
10 Warden
3 Shadow Strike
3 Blink
1 Spirit of Vengeance
3 Fan of Knives
» actions
| Assign group hotkey | 86 | |
| Basic commands | 29 | |
| Build / train | 100 | |
| ESC pressed | 3 | |
| Enter build submenu | 26 | |
| Enter hero's abilities submenu | 10 | |
| Give item / drop item | 6 | |
| Remove unit from queue | 5 | |
| Right click | 1083 | |
| Select / deselect | 547 | |
| Select group hotkey | 294 | |
| Use ability | 296 | |
2487 total
» units
| Wisp | 26 | |
| Huntress | 9 | |
| Druid of the Claw | 31 | |
| Dryad | 2 | |
| Glaive Thrower | 2 | |
70 total
» upgrades
| Ultravision | 1 | |
| Druid of the Claw Training | 2 | |
| Strength of the Wild | 3 | |
| Reinforced Hides | 2 | |
8 total
» buildings
| Altar of Elders | 1 | |
| Moon Well | 7 | |
| Hunter's Hall | 1 | |
| Ancient of War | 2 | |
| Tree of Ages | 1 | |
| Ancient of Lore | 7 | |
| Tree of Eternity | 1 | |
| Tree of Life | 2 | |
| Ancient of Wonders | 1 | |
| Ancient Protector | 3 | |
26 total
» build order
00:05 Altar of Elders
00:16 Moon Well
01:36 Hunter's Hall
01:40 Ancient of War
02:06 Moon Well
02:13 Moon Well
02:56 Ancient of War
03:40 Tree of Ages
05:16 Moon Well
05:20 Moon Well
06:09 Ancient of Lore
06:11 Ancient of Lore
06:19 Ancient of Lore
06:33 Tree of Eternity
09:37 Moon Well
09:39 Moon Well
11:55 Tree of Life
25:30 Ancient of Lore
27:21 Tree of Life
27:43 Ancient of Wonders
28:15 Ancient Protector
28:20 Ancient Protector
28:23 Ancient Protector
35:41 Ancient of Lore
35:51 Ancient of Lore
37:35 Ancient of Lore
» items
| Staff of Teleportation | 1 | |
| Scroll of Town Portal | 2 | |
3 total
team 2 (loser)

»
Tranquil (
pink | 69 APM | 2956 actions | 42:32)
7 Death Knight
3 Death Coil
3 Unholy Aura
1 Animate Dead
4 Crypt Lord
2 Impale
2 Spiked Carapace
» actions
| Build / train | 113 | |
| Enter build submenu | 23 | |
| Enter hero's abilities submenu | 11 | |
| Remove unit from queue | 5 | |
| Right click | 1820 | |
| Select / deselect | 880 | |
| Use ability | 103 | |
2956 total
» units
| Acolyte | 21 | |
| Ghoul | 6 | |
| Crypt Fiend | 6 | |
| Ogre Mauler | 1 | |
| Necromancer | 20 | |
| Abomination | 14 | |
| Banshee | 3 | |
71 total
» upgrades
| Creature Carapace | 1 | |
| Creature Attack | 1 | |
| Necromancer Training | 2 | |
| Banshee Training | 2 | |
| Web | 1 | |
| Skeletal Mastery | 1 | |
| Skeletal Longevity | 1 | |
| Unholy Armor | 3 | |
12 total
» buildings
| Altar of Darkness | 1 | |
| Ziggurat | 8 | |
| Crypt | 1 | |
| Graveyard | 1 | |
| Halls of the Dead | 1 | |
| Tomb of Relics | 1 | |
| Black Citadel | 1 | |
| Temple of the Damned | 1 | |
| Slaughterhouse | 1 | |
16 total
» build order
00:04 Altar of Darkness
00:10 Ziggurat
00:30 Crypt
01:11 Graveyard
01:47 Ziggurat
03:00 Halls of the Dead
03:51 Tomb of Relics
05:04 Ziggurat
05:10 Ziggurat
06:31 Black Citadel
07:07 Temple of the Damned
09:14 Slaughterhouse
09:24 Ziggurat
09:29 Ziggurat
15:03 Ziggurat
18:45 Ziggurat
» items
| Potion of Healing | 6 | |
| Potion of Mana | 3 | |
| Circlet of Nobility | 1 | |
10 total
Chat log
(00:09 / All) bygoditsanegro: glhf
(17:18 / All) bygoditsanegro: gg
(17:19 / All) bygoditsanegro: bro
(17:33 / All) Tranquil: not over yet
(17:34 / All) Tranquil: scrub
(28:21 / All) Tranquil: gg
(39:29 / All) Tranquil: talk about OP herp
(39:31 / All) Tranquil: hero
(39:35 / All) bygoditsanegro: haha
(39:35 / All) Tranquil: you got lucky
(39:36 / All) Tranquil: scrub
(39:38 / All) bygoditsanegro: sure
(39:46 / All) Tranquil: never callA gg
(39:49 / All) Tranquil: unitl it is over
(39:52 / All) Tranquil: you got very lucky
(39:58 / All) bygoditsanegro: it was over when it started queer
(40:03 / All) Tranquil: yea right
(40:06 / All) Tranquil: very lucky
(40:09 / All) Tranquil: very very
(40:11 / All) bygoditsanegro: better micro
(40:14 / All) Tranquil: so enjoy the win
(40:18 / All) Tranquil: haha
(40:23 / All) Tranquil: even with my garbage micro
(40:26 / All) Tranquil: you still a scrub
(40:32 / All) bygoditsanegro: well
(40:33 / All) Tranquil: never call a GG scrub
(40:36 / All) bygoditsanegro: then you lost to a baked drunk scrub
(40:44 / All) Tranquil: yea right
(40:49 / All) bygoditsanegro: i like how you're offended
(40:55 / All) bygoditsanegro: mr seriouscraft
(40:57 / All) Tranquil: im not offended kid
(42:30 / All) Tranquil: Now it is GG scrub